 Dungeon Crawl Stone Soup version 0.30.0-30-g96aa6591b8 (webtiles) character file.

Game seed: 16838222712038087670

62 Peloso the Trooper (level 3, -2/34 HPs)
             Began as a Minotaur Fighter on June 30, 2023.
             Slain by Grinder (9 damage)
             ... on level 3 of the Dungeon.
             The game lasted 00:03:35 (1906 turns).

Peloso the Trooper (Minotaur Fighter)               Turns: 1906, Time: 00:03:36

Health: -2/34      AC:  8    Str: 19 (20) XL:     3   Next: 85%
Magic:  2/2        EV:  9    Int:  4 (5)  God:
Gold:   82         SH:  4    Dex:  8 (11) Spells: 2/2 levels left

rFire   . . .        a - +0 long sword
rCold   . . .        d - +0 buckler
rNeg    . . .        b - +0 scale mail
rPois   .            (helmet restricted)
rElec   .            (no cloak)
rCorr   .            c - +0 pair of gloves
SInv    .            (no boots)
Will    .....        (no amulet) Stlth
                     (no ring)
HPRegen 0.25/turn    (no ring)
MPRegen 0.08/turn

%: no passive effects
@: no status effects
A: horns 2, retaliatory headbutt
a: no special abilities


You were on level 3 of the Dungeon.
You visited 1 branch of the dungeon, and saw 4 of its levels.

You collected 82 gold pieces.

Inventory:

Hand Weapons
 a - a +0 long sword (weapon)
Armour
 b - a +0 scale mail (worn)
 c - a +0 pair of gloves (worn)
 d - a +0 buckler (worn)
Jewellery
 k - a ring of wizardry
 l - a ring of see invisible
Scrolls
 f - a scroll of blinking {unknown}
 i - 2 scrolls of teleportation {unknown}
 j - a scroll of enchant weapon
 n - 2 scrolls of fog {unknown}
 o - a scroll of noise {unknown}
Potions
 e - a potion of ambrosia {unknown}
 g - 2 potions of curing
 h - a potion of might


   Skills:
 + Level 4.3 Fighting
 + Level 3.4 Long Blades
 + Level 4.1 Armour
 + Level 0.7 Dodging
 + Level 4.0 Shields


You had 2 spell levels left.
You didn't know any spells.
Your spell library contained the following spells:

 Spells                   Type           Power      Damage    Failure   Level
 Beastly Appendage        Tmut           0%         N/A       91%         1
 Wereblood                Tmut           0%         N/A       97%         2
 Inner Flame              Hex/Fire       0%         N/A       99%         3
 Spider Form              Tmut/Pois      0%         N/A       99%         3
 Flame Wave               Conj/Fire      0%         2d4       100%        4
 Sticky Flame             Conj/Fire      0%         2d3       100%        4


Dungeon Overview and Level Annotations

Branches:
Dungeon (4/15)
 Temple: D:4-7

Altars:

Annotations:
D:3 Grinder


Innate Abilities, Weirdness & Mutations

You have a pair of horns on your head.
You reflexively headbutt those who attack you in melee.


Message History

Grinder is severely wounded.
Grinder gestures at you.
You suddenly lose the ability to move!
Grinder hits you.
* * * LOW HITPOINT WARNING * * *
You writhe in agony.
* * * LOW HITPOINT WARNING * * *
Grinder hits you!
* * * LOW HITPOINT WARNING * * *
Grinder barely misses you. Grinder gestures at you.
You barely resist.
You can move again.
You feel much better. Grinder hits you!
You closely miss Grinder.
Grinder is severely wounded.
Grinder gestures at you.
You suddenly lose the ability to move!
Grinder gestures at you.
You shrug off the repeated paralysis!
Grinder hits you.
You writhe in agony.
You can move again.
You hit Grinder.
Grinder is almost dead.
Grinder barely misses you.
Grinder says, "Just stop there for a second..."
Grinder gestures at you.
You shrug off the repeated paralysis!
Unknown command.
You hit Grinder.
Grinder is almost dead.
Grinder hits you.
* * * LOW HITPOINT WARNING * * *
You writhe in agony.
* * * LOW HITPOINT WARNING * * *
Unknown command.
You closely miss Grinder.
Grinder is almost dead.
Grinder hits you!
You die...

#..# ..# #. #..# #.#
#. ######..# #####.#
#. #.......# ##...#.#
#. ....###.# ##......#
#. #
#.###.#####.......###.
#.....................
#####5#####.......###.
#@# ##.....## ## #.#
##...## #.# ##.##
#.###### #.# #......#
#.# ######.# #.## #.#
#..# #.# ##.# #.# #.#


You could see Grinder.

Vanquished Creatures
  An adder (D:2)
  5 bats
  5 endoplasms
  4 giant cockroaches (D:1)
  6 goblins
  3 hobgoblins
  2 jackals (D:1)
  3 kobolds
  3 quokkas
  10 ball pythons
  4 frilled lizards
  2 rats
48 creatures vanquished.

Notes
Turn   | Place    | Note
-------+----------+-------------------------------------------
     0 | D:1      | Peloso the Minotaur Fighter began the quest for the Orb.
     0 | D:1      | Reached XP level 1. HP: 19/19 MP: 0/0
    57 | D:1      | Reached XP level 2. HP: 19/27 MP: 1/1
   442 | D:1      | Reached XP level 3. HP: 29/33 MP: 2/2
   746 | D:2      | Found a faded altar of an unknown god.
  1741 | D:3      | Noticed Grinder
  1885 | D:3      | Paralysed by Grinder for 5 turns
  1895 | D:3      | Paralysed by Grinder for 5 turns
  1897 | D:3      | HP: 1/34 [Grinder (7)]
  1901 | D:3      | Paralysed by Grinder for 3 turns
  1906 | D:3      | Slain by Grinder

Illustrated notes

Levels and vault maps discovered:
D:1:      spicycebolla_green_bress_n_ham_2, layout_rooms
D:2:      layout_loops_ring, hellmonk_ecumenical_altar_prayer_group
D:3:      layout_loops_ring, dk_yredelemnul_ordeal, uniq_robin, uniq_terence,
          uniq_grinder
D:4:      layout_basic, mainiacjoe_overflow_tiny_flanked,
          chequers_serial_rivers_room_a, hangedman_abyss_or_decor_passed,
          minmay_misc_feat_plants, minmay_vboxes, uniq_edmund,
          uniq_crazy_yiuf_cottage, uniq_duvessa

Skill      XL: |  1  2  3 |
---------------+----------+-----
Fighting       | 4 |  4.3
Long Blades    | 3 |  3.4
Armour         | 4 |  4.1
Shields        | 4 |  4.0
Dodging        | |  0.7

Action                     || total
---------------------------++-------
  Melee: Long sword        ||   122
         Headbutt          ||    11
    Use: Potion            ||     6
         Scroll            ||     2
 Armour: Scale mail        ||    63
  Dodge: Dodged            ||    46
  Block: Buckler           ||    28
